 Dungeon Crawl Stone Soup version 0.27.0-1-g7a089689b8 (webtiles) character file.

Game seed: 9580219215381652908

487 snetch the Magician (level 7, -1/47 HPs)
             Began as a Djinni Fire Elementalist on Aug 2, 2021.
             Was a Priest of Dithmenos.
             Slain by Eustachio (10 damage)
             ... on level 4 of the Dungeon.
             The game lasted 00:16:42 (5368 turns).

snetch the Magician (Djinni Fire Elementalist)      Turns: 5368, Time: 00:16:43

Health: -1/47      AC:  4    Str:  7    XL:     7   Next: 36%
Gold:   96         EV: 13    Int: 18    God:    Dithmenos [***...] SH:  0 Dex: 14

rFire    + + .     SeeInvis .   o - +2 dagger (venom)
rCold    x . .     Faith    .   (no shield)
rNeg     . . .     Spirit   .   m - +1 animal skin
rPois    ∞         Reflect  .   n - +0 helmet
rElec    .         Harm     .   (no cloak)
rCorr    .         Rampage  .   (no gloves)
Will     .....                  (boots unavailable)
Stlth    +++.......             (no amulet)
HPRegen  0.15/turn              (no ring)
MPRegen  0.00/turn              (no ring)

@: flying, wreathed by umbra
A: sickness immunity, fire resistance 2, cold vulnerability 1, float, innate
caster, hp casting, extra vitality 1
a: Renounce Religion, Shadow Step


You were on level 4 of the Dungeon.
You worshipped Dithmenos.
Dithmenos was most pleased with you.
You visited 1 branch of the dungeon, and saw 5 of its levels.

You collected 96 gold pieces.

Inventory:

Hand Weapons
 o - a +2 dagger of venom (weapon)
 r - a +1 short sword of electrocution
 s - a +0 trident
 u - a +1 spectral quarterstaff
 w - a +0 morningstar
 y - a +4 halberd
Missiles
 a - 14 poisoned darts
 b - 151 stones
 e - 26 arrows
 h - 19 bolts
 i - 10 boomerangs
 q - 40 sling bullets
Armour
 k - a +0 scale mail
 m - a +1 animal skin (worn)
 n - a +0 helmet (worn)
 p - a +0 ring mail
Wands
 j - a wand of flame (9)
Scrolls
 c - 2 scrolls of teleportation {unknown}
 f - a scroll of enchant weapon {unknown}
 g - a scroll of amnesia {unknown}
 l - a scroll of magic mapping {unknown}
 t - a scroll of holy word {unknown}
 x - a scroll of identify {unknown}
 B - a scroll of fear {unknown}
Potions
 d - 3 potions of haste {unknown}
 v - a potion of lignification {unknown}
 z - 3 potions of curing {unknown}
 A - a potion of cancellation {unknown}


   Skills:
 + Level 1.2 Fighting
 + Level 0.8 Armour
 + Level 3.7 Dodging
 + Level 3.0 Stealth
 + Level 4.9 Spellcasting


You couldn't memorise any spells.
You knew the following spells:

 Your Spells              Type           Power      Damage    Failure   Level
a - Foxfire               Conj/Fire      88%        2x1d8     1%          1
b - Conjure Flame         Conj/Fire      22%        6-21      5%          3
c - Inner Flame           Hex/Fire       22%        N/A       5%          3
d - Sticky Flame          Conj/Fire      22%        2d4       17%         4
e - Fireball              Conj/Fire      11%        3d7       43%         5
f - Corona                Hex            24%        N/A       1%          1
g - Slow                  Hex            22%        N/A       2%          2
h - Poisonous Vapours     Pois/Air       44%        N/A       2%          2
Your spell library was empty.

Dungeon Overview and Level Annotations

Branches:
Dungeon (5/15)
 Temple: D:4-7

Altars:
Dithmenos
Uskayaw
Vehumet

Shops:
D:5 :

Annotations:
D:4 Eustachio, Sigmund
D:5 1 transporter


Innate Abilities, Weirdness & Mutations

You are immune to sickness and miasma.
You are immune to poison.
Your flesh is very heat resistant. (rF++)
You are vulnerable to cold. (rC-)
You float through the air rather than walking.
You learn spells naturally, not from books.
Your magical power is your life essence.
You have superior vitality. (+4 HP)


Message History

Eustachio gestures wildly while chanting.
The iron imp hits you but does no damage.
The quasit bites you but does no damage.
The quasit completely misses you. The quasit barely misses you.
You barely miss Eustachio.
Eustachio is heavily wounded.
Eustachio hits you with a +0 falchion. The quasit misses you.
The quasit completely misses you.
The quasit claws you but does no damage.
The quokka closely misses you. The iron imp misses you.
Unknown command.
You barely miss Eustachio.
Eustachio is heavily wounded.
The quasit misses you.
The quasit claws you but does no damage.
The quasit barely misses you. Eustachio hits you with a +0 falchion!
The quokka misses you. The rat closely misses you.
Unknown command.
Casting: Poisonous Vapours (safe; 2% risk of failure)
Confirm with . or Enter, or press ? or * to list all spells.
Aiming: Poisonous Vapours (safe; 2% risk of failure)
Press: ? - help, Dir - move target, f/p - Eustachio
Aim: Eustachio, wielding a +0 falchion and wearing a +2 leather armour of cold resistance (heavily wounded, extremely poisoned, umbra) Poisonous vapours surround Eustachio!
Eustachio looks as sick as possible!
The quasit barely misses you. The quasit closely misses you.
The quasit misses you. The iron imp barely misses you.
The quokka barely misses you. Eustachio hits you with a +0 falchion!
The rat bites you but does no damage.
Casting: Poisonous Vapours (safe; 2% risk of failure)
Confirm with . or Enter, or press ? or * to list all spells.
Aiming: Poisonous Vapours (safe; 2% risk of failure)
Press: ? - help, Dir - move target, f/p - Eustachio
Aim: Eustachio, wielding a +0 falchion and wearing a +2 leather armour of cold resistance (heavily wounded, extremely poisoned, umbra) Poisonous vapours surround Eustachio!
Eustachio looks as sick as possible!
The quasit closely misses you. The quasit barely misses you.
The quasit closely misses you. The quokka barely misses you.
The iron imp hits you!
* * * LOW HITPOINT WARNING * * *
Eustachio hits you with a +0 falchion!
You die...

#########
##.@r....#####
#.5@r......).#
#.5#####.###)# #..
#.# #.# .... #.#
#.# ..#.# #.###.#
...##. #..##.# ...
.. ##.##.### ##
#########......#
........#......###


You could see Eustachio (extremely poisoned), an iron imp (summoned), a quasit
(summoned), a quokka (summoned) and a rat (summoned).

Vanquished Creatures
  A scorpion (D:3)
  An orc priest (D:3)
  Jessica (D:2)
  Terence (D:2)
  A statue (D:4)
  A hound skeleton (D:4)
  Robin (D:2)
  8 adders
  11 gnolls
  2 worms (D:3)
  2 dart slugs
  17 orcs
  5 endoplasms
  4 giant cockroaches
  6 hobgoblins
  2 jackals (D:3)
  6 quokkas
  3 ball pythons
  6 bats
  4 frilled lizards
  14 goblins
  3 kobolds
  6 rats
106 creatures vanquished.

Vanquished Creatures (collateral kills)
  A foxfire (D:2)
1 creature vanquished.

Vanquished Creatures (others)
  347 foxfires
347 creatures vanquished.

Grand Total: 454 creatures vanquished

Notes
Turn   | Place    | Note
-------+----------+-------------------------------------------
     0 | D:1      | snetch the Djinni Fire Elementalist began the quest for the
                  | Orb.
     0 | D:1      | Reached XP level 1. HP: 15/15 MP: 0/0
   219 | D:1      | Found a faded altar of an unknown god.
   226 | D:1      | Became a worshipper of Dithmenos the Shadowed
   226 | D:1      | Reached * piety under Dithmenos
   454 | D:1      | Reached XP level 2. HP: 16/21 MP: 0/0
   937 | D:2      | Noticed Terence
   942 | D:2      | Reached XP level 3. HP: 21/25 MP: 0/0
   942 | D:2      | Learned a level 1 spell: Corona
   947 | D:2      | Killed Terence
   948 | D:2      | Reached skill level 3 in Spellcasting
   948 | D:2      | Reached XP level 4. HP: 4/31 MP: 0/0
  1256 | D:2      | Noticed Robin
  1274 | D:2      | Killed Robin
  1562 | D:2      | Noticed Jessica
  1566 | D:2      | Killed Jessica
  1567 | D:2      | Reached XP level 5. HP: 32/35 MP: 0/0
  1567 | D:2      | Learned a level 2 spell: Slow
  1748 | D:2      | Reached ** piety under Dithmenos
  2783 | D:4      | Noticed Sigmund
  2975 | D:3      | Reached XP level 6. HP: 38/40 MP: 0/0
  3011 | D:3      | Reached skill level 4 in Spellcasting
  3594 | D:3      | Reached skill level 1 in Fighting
  3594 | D:3      | Reached XP level 7. HP: 41/47 MP: 0/0
  3594 | D:3      | Learned a level 2 spell: Poisonous Vapours
  3596 | D:3      | Reached *** piety under Dithmenos
  4593 | D:3      | Found a hide-covered altar of Uskayaw.
  5234 | D:5      | Entered Level 5 of the Dungeon
  5234 | D:5      | Found Jievaf's Book Boutique.
  5234 | D:5      | Found a transporter.
  5358 | D:4      | Noticed Eustachio
  5368 | D:4      | Slain by Eustachio

Illustrated notes

Levels and vault maps discovered:
D:1:      giann_wishing_wells, layout_loops_ring,
          dilly_ecumenical_altar_fadedgnrine, minmay_tetromino_l2
D:2:      layout_basic, uniq_jessica, uniq_terence, uniq_robin
D:3:      minmay_recursive_quarters, layout_loops_ring, nicolae_uskayaw_suspiria
D:4:      layout_loops_ring, vehumet_statue, wad_floor_pattern_untrapped,
          uniq_eustachio, uniq_sigmund
D:5:      gammafunk_cloud_chamber, layout_layer_cave, serial_shops, shop,
          nicolae_diamond_shop, nicolae_take_the_stairs,
          kennysheep_pointless_box, minmay_statues_item, kennysheep_crisscross

Skill      XL: |  1  2  3  4  5  6  7 |
---------------+----------------------+-----
Spellcasting   | 3 4 |  4.9
Stealth        | 2 3 |  3.0
Dodging        | 3 |  3.7
Fighting       | 1 |  1.2
Armour         | |  0.8

Action                   |  1- 3 |  4- 6 |  7- 9 || total
-------------------------+-------+-------+-------++-------
Melee: Dagger            |       |    13 |    39 ||    52
 Cast: Foxfire           |    31 |   118 |    65 ||   214
       Poisonous Vapours |       |       |    48 ||    48
 Stab: Sleeping          |       |     3 |       ||     3
Armor: Robe              |     1 |       |       ||     1
       Leather armour    |       |     1 |       ||     1
       Animal skin       |       |     6 |    12 ||    18
Dodge: Dodged            |     9 |    33 |    46 ||    88
